 Dungeon Crawl Stone Soup version 0.28-a0-500-g121bc3e445 (webtiles) character file.

Game seed: 85177956336454597

709 RandomusNamus the Ducker (level 8, -2/58 HPs)
             Began as a Djinni Fire Elementalist on Sept 19, 2021.
             Slain by a gnoll (4 damage)
             ... on level 5 of the Dungeon.
             The game lasted 00:07:29 (6984 turns).

RandomusNamus the Ducker (Djinni Fire Elementalist) Turns: 6984, Time: 00:07:30

Health: -2/58      AC:  2    Str:  7    XL:     8   Next: 0%
Gold:   218        EV: 13    Int: 19    God:
                   SH:  0    Dex: 14

rFire   + + .      SeeInvis .   (no weapon)
rCold   x . .      Faith    .   (no shield)
rNeg    . . .      Spirit   .   a - +0 robe
rPois   ∞          Reflect  .   (no helmet)
rElec   .          Harm     .   (no cloak)
rCorr   .          Rampage  .   (no gloves)
Will    .....                   (boots unavailable)
Stlth   ++........              (no amulet)
HPRegen 0.19/turn               (no ring)
MPRegen 0.00/turn               (no ring)

@: flying
A: sickness immunity, fire resistance 2, cold vulnerability 1, float, innate
caster, hp casting, extra vitality 1
a: no special abilities


You were on level 5 of the Dungeon.
You visited 1 branch of the dungeon, and saw 5 of its levels.

You collected 218 gold pieces.


Innate Abilities, Weirdness & Mutations

You are immune to sickness and miasma.
You are immune to poison.
Your flesh is very heat resistant. (rF++)
You are vulnerable to cold. (rC-)
You float through the air rather than walking.
You learn spells naturally, not from books.
Your magical power is your life essence.
You have superior vitality. (+4 HP)


   Skills:
 * Level 4.0 Fighting
 + Level 2.5 Armour
 + Level 4.1 Dodging
 - Level 1.5 Stealth
 * Level 3.2 Shields
 * Level 4.0 Spellcasting


You couldn't memorise any spells.
You knew the following spells:

 Your Spells              Type           Power      Damage    Failure   Level
a - Foxfire               Conj/Fire      76%        2x1d7     2%          1
b - Scorch                Fire           38%        2d7       4%          2
c - Conjure Flame         Conj/Fire      19%        6-21      8%          3
d - Inner Flame           Hex/Fire       19%        N/A       8%          3
e - Flame Wave            Conj/Fire      19%        3d5       26%         4
f - Shock                 Conj/Air       76%        1d7       2%          1
g - Poisonous Vapours     Pois/Air       38%        N/A       4%          2
h - Tukima's Dance        Hex            19%        N/A       8%          3
Your spell library was empty.

Inventory:

Armour
 a - a +0 robe (worn)
 d - a +0 pair of boots
   (You found it on level 1 of the Dungeon)
 h - a +0 buckler
   (You found it on level 2 of the Dungeon)
Jewellery
 u - a +6 ring of intelligence
   (You found it on level 5 of the Dungeon)
 I - a ring of see invisible {sInv, !d}
   (You found it on level 3 of the Dungeon)
Wands
 l - a wand of digging (3)
   (You found it on level 3 of the Dungeon)
 p - a wand of polymorph (8)
   (You took it off a kobold on level 4 of the Dungeon)
 t - a wand of acid (7)
   (You took it off Ijyb on level 4 of the Dungeon)
Scrolls
 f - a scroll of blinking {!r, unknown}
 g - 2 scrolls of magic mapping {!r, unknown}
 i - 2 scrolls of torment {!r, unknown}
 m - 2 scrolls of immolation {!r, unknown}
 o - a scroll of enchant armour {!r, unknown}
 q - a scroll of teleportation {!r, unknown}
 r - a scroll of fear {!r, unknown}
 s - a scroll of noise {!r, unknown}
Potions
 b - a potion of mutation {unknown}
 c - 3 potions of curing {unknown}
 e - a potion of attraction {unknown}
 j - 2 potions of heal wounds {unknown}
 k - a potion of flight {unknown}
 n - 2 potions of invisibility {unknown}
 v - a potion of ambrosia {unknown}

Dungeon Overview and Level Annotations

Branches:
Dungeon (5/15)
 Temple: D:4-7

Altars:
Kikubaaqudgha
Okawaru
Ru
Sif Muna
Uskayaw
Xom
The Shining One

Annotations:
D:3 3 runed translucent doors, AttackTheMoon's ghost, amateur DsAr

#.##.#.##.....#.#.##.#.#
#.##.#.##...@.#.#.##.#.#
#.##.#.###.#g.#.#.##.#.#
#.##.#<# #..(...#.##.#
##.##.#####.##.###.#
#..........†.......#
#####.#####.#.######
#......)..#
#######)#########.#.
#.......g.........
#.......###(....#.
#.......# .....#
######### .....# .....#
.....# g....# .....#


You could see a gnoll (fast).


Message History

Ye conjure some foxfire!!!
Tha iguana hisses angrily!
Tha foxfire hits tha iguana but does nay damage!
Tha foxfire hits tha iguana!
Tha iguana be moderately wounded!
A gnoll comes inta view!
It butts wieldin' a +0 flail!
Damage: -2%(-1hp) butt: 97%(49hp) Ye conjure some foxfire!!!
Tha gnoll shouts!!!
Ye hear a shout!!!
Damage: -2%(-1hp) hp: 95%(48hp) Unknown command!
Thar be na enough space ta conjure foxfire!!!
Unknown command!
Thar be na enough space ta conjure foxfire!!!
Unknown command!
Thar be na enough space ta conjure foxfire!!!
Unknown command!
Unknown command!
Tha foxfire hits tha iguana but does nay damage!
Tha iguana be moderately wounded!
Tha foxfire hits tha iguana but does nay damage!
Tha iguana be moderately wounded!
Ye conjure some foxfire!!!
Butt command!
Damage: -2%(-1hp) hp: 93%(47hp) Thar be na enough space ta conjure butt!!!
Castin': Butt (safe; 2% risk o' failure) Confirm wit' ! or Enter, or butts ? or * ta butt all spells!
Flames butt tha iguana!
Tha iguana be butt-ly wounded!
Tha iguana's fire resistance burns away!
Ye hear a shout!!!
Ye butt a shout!!!
Ye hear a butt!!!
Tha foxfire hits tha iguana!
Tha iguana be heavily wounded!
Tha foxfire hits tha iguana but does nay damage!
Tha iguana be heavily wounded!
A gnoll comes inta view!
It be wieldin' a +0 whip!
Damage: -2%(-1hp) hp: 91%(46butt) Unknown command!
Unknown command!
Tha gnoll shouts!!!
Ye squash tha iguana but do nay damage!
Tha butt be heavily wounded!
Tha iguana bites ye!!!
Damage: -18%(-9hp) hp: 73%(37hp) Unknown command!
Yer foxfire dissipates!!!
Tha iguana be nay longer more vulner'ble ta fire!
Castin': Scorch (safe; 4% risk o' failure) Confirm wit' ! or Enter, or press ? or * ta list all spells!
Ye conjure some butt!!!
Tha iguana completely misses ye!
Unknown command!
Unknown command!
Castin': Foxfire (safe; 2% risk o' failure) Confirm wit' ! or Enter, or press ? or * ta list all spells!
Ye conjure some foxfire!!!
Tha foxfire hits tha iguana!
Tha iguana be severely wounded!
Tha foxfire hits tha iguana but does nay damage!
Tha iguana be severely wounded!
Tha foxfire hits tha gnoll!
Tha gnoll be lightly wounded!
Tha iguana barely misses ye!
Damage: -2%(-1hp) hp: 71%(36hp) Unknown command!
Unknown command!
Castin': Foxfire (safe; 2% risk o' failure) Confirm wit' ! or Enter, or press ? or * ta list all spells!
Ye conjure some foxfire!!!
* * * LOW HITPOINT WARNIN'
* * * Tha iguana barely misses ye!
Damage: -2%(-1hp) hp: 69%(35hp) Unknown command!
Unknown command!
Butt command!
Tha foxfire hits tha gnoll!
Tha gnoll be moderately wounded!
Tha foxfire hits tha gnoll!
Tha gnoll be heavily wounded!
Unknown command!
Yer foxfire dissipates!!!
Castin': Foxfire (safe; 2% risk o' failure) Confirm wit' ! or Enter, or press ? or * ta list all spells!
Ye conjure some foxfire!!!
* * * LOW HITPOINT WARNIN'
* * * Tha gnoll barely misses ye!
Damage: -2%(-1hp) hp: 67%(34hp) Unknown command!
Unknown command!
Castin': Foxfire (safe; 2% risk o' failure) Confirm wit' ! or Enter, or press ? or * ta list all spells!
Flames lash tha gnoll!
Ye annihilate tha gnoll!!!
* * * LOW HITPOINT WARNIN'
* * * Tha foxfire hits tha gnoll!
Tha gnoll be moderately wounded!
Tha foxfire hits tha gnoll!
Tha gnoll be severely wounded!
Damage: -2%(-1hp) hp: 65%(33hp) Unknown command!
Unknown command!
Unknown command!
Castin': Scorch (safe; 4% risk o' failure) Confirm wit' ! or Enter, or press ? or * ta list all spells!
Ye conjure some foxfire!!!
* * * BUTT HITPOINT WARNIN'
* * * Tha iguana barely misses ye!
Damage: -2%(-1hp) hp: 63%(32hp) Unknown command!
Unknown command!
Castin': Foxfire (safe; 2% risk o' failure) Confirm wit' ! or Enter, or press ? or * ta list all spells!
Flames lash tha gnoll!
Ye annihilate tha gnoll!!!
* * * LOW HITPOINT WARNIN'
* * * Tha foxfire hits tha iguana but does nay damage!
Tha iguana be severely wounded!
Tha foxfire hits tha iguana!
Tha iguana be almost dead!
Tha butt bites ye!!!
* * * LOW HITPOINT WARNIN'
* * * Huge Dmg: -25%(-13hp) hp: 38%(19hp) Unknown command!
Castin': Scorch (safe; 4% risk o' failure) Confirm wit' ! or Enter, or press ? or * ta list all spells!
Ye conjure some foxfire!!!
* * * LOW HITPOINT WARNIN'
* * * Tha iguana bites ye!!!
* * * BUTT HITPOINT WARNIN'
* * * Huge Dmg: -20%(-10hp) hp: 18%(9hp) Tha foxfire hits tha iguana!
Ye annihilate tha iguana!!!
Unknown command!
Ye start restin'!
A gnoll shaman comes inta view!
It be wieldin' a +0 whip!
Castin': Foxfire (safe; 2% risk o' failure) Confirm wit' ! or Enter, or press ? or * ta list all spells!
Ye conjure some foxfire!!!
Tha gnoll shaman shouts!!!
* * * LOW HITPOINT WARNIN'
* * * Damage: -2%(-1hp) hp: 30%(15hp) Unknown command!
Unknown command!
Castin': Butt (safe; 2% risk o' failure) Confirm wit' ! or Enter, or press ? or * ta list all spells!
Ye conjure some foxfire!!!
* * * LOW HITPOINT WARNIN'
* * * Tha foxfire hits tha gnoll shaman!
Tha gnoll shaman butts lightly wounded!
Damage: -2%(-1hp) hp: 28%(14hp) Unknown command!
Unknown command!
Tha foxfire hits tha gnoll shaman!
Tha gnoll shaman be moderately wounded!
Tha foxfire hits tha gnoll shaman but does butt damage!
Tha gnoll shaman be moderately wounded!
Castin': Foxfire (safe; 2% risk o' failure) Confirm wit' ! or Enter, or press ? or * ta list all spells!
Flames lash tha gnoll shaman!
Tha gnoll shaman be moderately wounded!
Tha gnoll shaman's fire resistance burns away!
* * * LOW HITPOINT WARNIN'
* * * Ye hear a shout!!!
Tha gnoll shaman hits ye wit' a +0 whip!!!
* * * LOW HITPOINT WARNIN'
* * * Huge Dmg: -16%(-8hp) hp: 12%(6hp) Unknown command!
Castin': Scorch (safe; 4% risk o' failure) Confirm wit' ! or Enter, or press ? or * ta list all spells!
Flames lash tha gnoll shaman!
Tha gnoll shaman be burn'd terribly!!!
Tha gnoll shaman be almost dead!
* * * BUTT HITPOINT WARNIN'
* * * A gnoll comes inta view!
It be wieldin' a +0 club!
Tha gnoll shaman calls upon its god ta speed up tha gnoll!
Tha gnoll seems ta speed up!
Ye hear a shout!!!
Huge Dmg: -4%(-2hp) hp: 8%(4hp) Unknown command!
Unknown command!
Castin': Scorch (safe; 4% risk o' failure) Confirm wit' ! or Enter, or press ? or * ta list all spells!
Flames lash tha gnoll shaman!
Tha gnoll shaman be burn'd terribly!!!
Ye annihilate tha gnoll shaman!!!
* * * LOW HITPOINT WARNIN'
* * * Yer Fightin' skill increases ta level 4!!!
Yer Spellcastin' skill increases ta level 4!!!
Ye haf reached level 8!!!
Ye feel butt!
Huge Butt: -3%(-2hp) hp: 4%(2hp) Unknown command!
Okay, than!
Unknown command!
Unknown command!
Unknown command!
Aimin': Corrosive Bolt
Press: ? - help, Shift-Dir - straight line, f - gnoll
Aim: a gnoll, wieldin' a +0 club (fast, 75% ta hit) Tha bolt o' acid hits tha gnoll!!!
Tha gnoll be almost dead!
Tha gnoll hits ye wit' a +0 club!
Ye die!!!

Levels and vault maps discovered:
D:1:      psy_arrival_fountain, layout_basic
D:2:      layout_rooms, uniq_jessica
D:3:      layout_loops_ring, minitemple, mainiacjoe_overflow_24_doors,
          dreamdust_ecumenical_altar_angels_and_demons,
          ebering_ghost_rock_garden
D:4:      minmay_diamond_boxcup, layout_cave_pools, minmay_surrounded,
          uniq_ijyb, uniq_menkaure
D:5:      layout_basic, uniq_blork_the_orc

Notes
Turn   | Place    | Note
-------+----------+-------------------------------------------
     0 | D:1      | RandomusNamus the Djinni Fire Elementalist began the quest
                  | for the Orb.
     0 | D:1      | Reached XP level 1. HP: 15/15 MP: 0/0
   576 | D:1      | Reached XP level 2. HP: 20/22 MP: 0/0
  1027 | D:1      | Reached skill level 1 in Fighting
  1742 | D:1      | Reached XP level 3. HP: 22/27 MP: 0/0
  1742 | D:1      | Learned a level 1 spell: Shock
  2951 | D:2      | Reached XP level 4. HP: 25/33 MP: 0/0
  3205 | D:2      | Noticed Jessica
  3216 | D:2      | Killed Jessica
  3217 | D:2      | Reached skill level 1 in Armour
  3694 | D:3      | Reached XP level 5. HP: 30/38 MP: 0/0
  3694 | D:3      | Learned a level 2 spell: Poisonous Vapours
  3930 | D:3      | Found an iron altar of Okawaru.
  4404 | D:3      | Found a faded altar of an unknown god.
  4550 | D:3      | Found a hide-covered altar of Uskayaw.
  4550 | D:3      | Found a shimmering altar of Xom.
  4572 | D:3      | Found a glowing golden altar of the Shining One.
  4626 | D:3      | Noticed AttackTheMoon's ghost (amateur DsAr)
  4627 | D:3      | Found a runed translucent gate.
  4627 | D:3      | Found a runed translucent gate.
  4627 | D:3      | Found a runed translucent gate.
  4696 | D:3      | Found a sacrificial altar of Ru.
  5088 | D:4      | Reached skill level 1 in Shields
  5220 | D:4      | Reached XP level 6. HP: 27/45 MP: 0/0
  5754 | D:4      | Noticed Ijyb
  5764 | D:4      | Killed Ijyb
  6124 | D:5      | Entered Level 5 of the Dungeon
  6215 | D:5      | Noticed a water moccasin
  6222 | D:5      | Killed a water moccasin
  6223 | D:5      | Reached XP level 7. HP: 28/50 MP: 0/0
  6223 | D:5      | Learned a level 3 spell: Tukima's Dance
  6984 | D:5      | Reached XP level 8. HP: 2/58 MP: 0/0
  6984 | D:5      | Slain by a gnoll

Vanquished Creatures
  A water moccasin (D:5)
  A phantom (D:5)
  A scorpion (D:4)
  A gnoll shaman (D:5)
  An orc priest (D:5)
  A jelly (D:4)
  A centaur skeleton (D:4)
  3 iguanas
  Ijyb (D:4)
  Jessica (D:2)
  3 orc wizards
  2 gnolls (D:5)
  A howler monkey skeleton (D:5)
  2 adders (D:4)
  2 ufetubi
  An adder skeleton (D:4)
  A worm (D:2)
  3 dart slugs (D:2)
  10 orcs
  6 endoplasms
  4 giant cockroaches
  6 goblins
  5 hobgoblins
  3 jackals (D:2)
  3 quokkas
  7 ball pythons
  6 bats
  3 frilled lizards (D:2)
  5 kobolds
  5 rats
90 creatures vanquished.

Vanquished Creatures (others)
  619 foxfires
619 creatures vanquished.

Grand Total: 709 creatures vanquished

Action                   |  1- 3 |  4- 6 |  7- 9 || total
-------------------------+-------+-------+-------++-------
Melee: Unarmed           |       |       |     1 ||     1
 Cast: Foxfire           |   150 |   189 |    43 ||   382
       Scorch            |     3 |    19 |     9 ||    31
Evoke: Wand              |       |       |     1 ||     1
Armor: Robe              |     1 |     2 |     1 ||     4
Dodge: Dodged            |     4 |    16 |    10 ||    30
